AoeStats
← Digital Hazard

Arena

510738475Analyzed
4v4 RM · 18h ago on Oct 2, 2026· 59m 26s· 8 players
Game mode
Random Map
Map size
Large (8 player)
Population
200
Speed
Normal
Resources
Standard
Victory
Conquest
Starting age
Dark Age
Ending age
Imperial Age
RankedLock teamsTeams togetherTeam positionsShared explorationLock speedFull tech treeHidden civsTurbo modeCheats
Victory
Defeat
🇨🇳 Spanish · China
1056
+14
🇷🇺 Italians · Russia
1023
+15
🇺🇸 Tupi · United States
1021
+15
🇨🇳 Persians · China
1008
+16
🇵🇹 Burgundians · Portugal
1031
-16
🇨🇳 Magyars · China
999
-15
🇨🇳 Danes · China
996
-15
🇨🇳 Franks · China
976
-14
月喵喵
10:48 Feudal Age
12:56 Loom
15:25 Castle Age
13:51 Horse Collar
16:27 Heavy Plow
16:33 Double-Bit Axe
19:02 Bow Saw
21:33 Wheelbarrow
23:07 Hand Cart
23:15 Stone Mining
26:21 Stone Shaft Mining
26:06 Fletching
26:27 Elite Skirmisher
27:08 Bodkin Arrow
27:15 Padded Archer Armor
27:44 Gold Mining
30:33 Imperial Age
30:45 Forging
30:36 Scale Mail Armor
30:51 Leather Archer Armor
31:54 Town Watch
33:00 Gold Shaft Mining
33:32 Conscription
35:36 Iron Casting
35:16 Chain Mail Armor
35:13 Squires
34:58 Gambesons
34:40 Hamask
35:18 Elite Varangian Guard
38:55 Blast Furnace
38:26 Plate Mail Armor
37:36 Elite Jomsviking
43:07 Heavy Scorpion
44:07 Bracer
Digital Hazard
4:33 Double-Bit Axe
9:51 Feudal Age
13:55 Castle Age
12:43 Bow Saw
12:39 Horse Collar
13:32 Heavy Plow
21:24 Wheelbarrow
22:19 Fletching
23:19 Bodkin Arrow
23:18 Gold Mining
27:25 Elite Skirmisher
30:17 Padded Archer Armor
33:04 Imperial Age
31:33 Gold Shaft Mining
31:46 Stone Mining
32:29 Crop Rotation
33:02 Two-Man Saw
34:09 Conscription
37:02 Chemistry
laoBB
0:35 Loom
10:40 Feudal Age
11:16 Double-Bit Axe
16:34 Castle Age
15:28 Gold Mining
18:16 Wheelbarrow
19:05 Forging
24:48 Elite Skirmisher
26:05 Fletching
26:15 Padded Archer Armor
28:22 Bodkin Arrow
28:27 Padded Archer Armor
31:47 Hand Cart
32:43 Pikeman
33:23 Squires
36:13 Imperial Age
34:02 Stone Mining
34:48 Gold Shaft Mining
34:28 Husbandry
35:07 Iron Casting
36:46 Scale Mail Armor
36:27 Cavalier
37:49 Chain Mail Armor
40:36 Chemistry
39:59 Ballistics
39:38 Halberdier
41:29 Leather Archer Armor
42:15 Blast Furnace
41:45 Plate Mail Armor
41:21 Scale Barding Armor
43:38 Fortified Wall
44:34 Plate Mail Armor
43:52 Elite Throwing Axeman
44:31 Gambesons
44:33 Arson
50:58 Chain Barding Armor
52:57 Light Cavalry
58:43 Bow Saw
dashjk
11:37 Feudal Age
15:55 Castle Age
16:31 Loom
16:42 Double-Bit Axe
18:08 Horse Collar
21:38 Murder Holes
21:25 Treadmill Crane
31:52 Wheelbarrow
33:52 Bloodlines
33:03 Light Cavalry
35:01 Corvinian Army
34:37 Elite Skirmisher
39:40 Imperial Age
37:07 Treadmill Crane
37:37 Masonry
38:23 Scale Barding Armor
38:24 Padded Archer Armor
38:14 Fletching
38:25 Scale Mail Armor
39:47 Hand Cart
40:08 Chain Barding Armor
40:07 Husbandry
40:50 Conscription
40:49 Pikeman
41:19 Halberdier
43:42 Chain Mail Armor
44:03 Plate Barding Armor
44:15 Elite Magyar Huszar
45:32 Bodkin Arrow
45:52 Leather Archer Armor
45:45 Capped Ram
46:06 Hussar
48:03 Ring Archer Armor
48:00 Bow Saw
50:15 Town Watch
51:34 Chemistry
50:55 Ballistics
50:41 Siege Engineers
50:38 Arson
52:30 Hoardings
58:16 Heavy Scorpion
McArrow
10:49 Feudal Age
14:25 Castle Age
12:46 Double-Bit Axe
13:09 Loom
13:13 Horse Collar
19:16 Fletching
21:35 Bodkin Arrow
22:28 Padded Archer Armor
26:11 Bow Saw
27:09 Heated Shot
27:39 Ballistics
27:39 Leather Archer Armor
32:03 Imperial Age
29:47 Squires
30:08 Scale Mail Armor
31:17 Chain Mail Armor
31:12 Forging
32:47 Wheelbarrow
33:14 Plate Mail Armor
34:04 Hand Cart
33:51 Heavy Plow
33:43 Gold Mining
33:54 Pikeman
35:53 Conscription
34:59 Capped Ram
35:50 Siege Ram
36:36 Bracer
37:46 Halberdier
38:56 Conscription
38:06 Elite Blackwood Archer
39:53 Chemistry
41:22 Iron Casting
41:17 Ring Archer Armor
42:03 Curare
41:52 Treadmill Crane
43:09 Arson
44:05 Gold Shaft Mining
44:37 Two-Man Saw
47:10 Elite Ibirapema Warrior
50:10 Arrowslits
50:16 Guard Tower
53:24 Keep
渣渣灰
10:38 Feudal Age
16:52 Castle Age
15:40 Double-Bit Axe
15:37 Horse Collar
26:40 Bow Saw
26:34 Heavy Plow
31:50 Imperial Age
29:08 Loom
30:01 Wheelbarrow
29:46 Scale Barding Armor
29:52 Forging
29:42 Stone Mining
29:44 Gold Mining
31:09 Gold Shaft Mining
31:12 Stone Shaft Mining
34:00 Two-Man Saw
33:26 Chain Barding Armor
33:43 Iron Casting
33:48 Hand Cart
34:13 Crop Rotation
33:45 Fletching
33:34 Cavalier
34:17 Husbandry
33:39 Heavy Camel Rider
33:49 Elite War Elephant
34:32 Kamandaran
34:54 Conscription
36:00 Plate Barding Armor
36:26 Blast Furnace
35:26 Savar
38:25 Caravan
45:26 Padded Archer Armor
45:22 Bodkin Arrow
46:32 Citadels
46:59 Hoardings
45:58 Elite Skirmisher
47:36 Parthian Tactics
47:33 Leather Archer Armor
48:54 Ballistics
49:36 Chemistry
50:58 Pikeman
51:39 Squires
53:42 Scale Mail Armor
54:13 Ring Archer Armor
53:25 Halberdier
55:48 Sappers
maks777sd
10:25 Feudal Age
15:30 Castle Age
17:22 Double-Bit Axe
17:21 Horse Collar
20:16 Wheelbarrow
22:20 Husbandry
24:00 Scale Barding Armor
25:04 Hand Cart
31:41 Imperial Age
32:46 Chain Barding Armor
32:37 Forging
31:55 Cavalier
35:19 Plate Barding Armor
42:51 Iron Casting
45:57 Blast Furnace
45:42 Gold Mining
45:43 Stone Mining
57:47 Scale Mail Armor
57:48 Padded Archer Armor
57:38 Fletching
XNB
10:34 Feudal Age
9:32 Loom
14:25 Castle Age
12:19 Double-Bit Axe
12:40 Horse Collar
13:43 Stone Mining
15:45 Bow Saw
27:03 Wheelbarrow
27:45 Gold Mining
30:45 Heavy Plow
35:56 Imperial Age
35:00 Padded Archer Armor
35:37 Bloodlines
35:27 Husbandry
36:28 Stone Shaft Mining
36:08 Cavalier
36:12 Light Cavalry
36:39 Light Cavalry
37:37 Leather Archer Armor
37:28 Scale Barding Armor
37:33 Forging
37:48 Conscription
38:04 Hand Cart
39:38 Hussar
42:54 Two-Man Saw
44:15 Chain Barding Armor
44:29 Ring Archer Armor
43:22 Elite Conquistador
44:22 Conscription
44:53 Fletching
47:39 Chemistry
46:59 Ballistics
47:01 Bodkin Arrow
47:51 Thumb Ring
47:06 Elite Skirmisher
48:56 Bracer
48:56 Murder Holes
53:09 Chain Barding Armor
53:25 Iron Casting
54:37 Plate Barding Armor
56:07 Blast Furnace
59:08 Fortified Wall
Connection lost

Rejoining the realm…

Still unreachable

The connection could not be restored.

Session expired

The server has moved on; the page needs a fresh start.